 Dungeon Crawl Stone Soup version 0.24.0-13-gcf9b319 (webtiles) character file.

Game seed: 16292668077883063990, levelgen mode: deterministic

43 Fang the Skirmisher (level 3, -1/24 HPs)
             Began as a Gargoyle Berserker on Nov 15, 2019.
             Was a Believer of Trog.
             Slain by a worker ant (6 damage)
             ... on level 2 of the Dungeon.
             The game lasted 00:00:33 (711 turns).

Fang the Skirmisher (Gargoyle Berserker)             Turns: 711, Time: 00:00:34

Health: -1/24      AC:  5    Str: 21    XL:     3   Next: 58%
Magic:  3/3        EV: 12    Int:  7    God:    Trog [**....]
Gold:   50         SH:  0    Dex:  9    Spells: 2/2 levels left

rFire    . . .     SeeInvis .   a - +0 hand axe
rCold    . . .     Gourm    .   (no shield)
rNeg     + . .     Faith    .   b - +0 animal skin
rPois    ∞         Spirit   .   (no helmet)
rElec    +         Reflect  .   (no cloak)
rCorr    .         Harm     .   (no gloves)
MR       ++...                  (no boots)
Stlth    +.........             (no amulet)
HPRegen  1.08/turn              (no ring)
MPRegen  0.08/turn              (no ring)

@: berserk cooldown, regenerating, slowed, very slow
A: negative energy resistance 1, electricity resistance, unbreathing,
petrification resistance, rot immunity, AC +3
a: Berserk, Trog's Hand, Renounce Religion


You were on level 2 of the Dungeon.
You worshipped Trog.
Trog was pleased with you.
You were not hungry.

You visited 1 branch of the dungeon, and saw 2 of its levels.

You collected 50 gold pieces.

Inventory:

Hand Weapons
 a - a +0 hand axe (weapon)
Armour
 b - a +0 animal skin (worn)
Scrolls
 d - a scroll of enchant armour {unknown}
 e - a scroll of fog {unknown}
 f - a scroll of identify {unknown}
 g - a scroll of teleportation {unknown}
Potions
 h - a potion of curing {unknown}
 i - a potion of lignification {unknown}
Comestibles
 c - 4 rations


   Skills:
 + Level 3.7 Fighting
 + Level 3.1 Axes
 + Level 2.8 Armour
 + Level 2.0 Dodging


You had 2 spell levels left.
You didn't know any spells.
Your spell library was empty.

Dungeon Overview and Level Annotations

Branches:
Dungeon (2/15)

Altars:


Innate Abilities, Weirdness & Mutations

You are resistant to torment.
Your stone body is resilient. (AC +3)
You are immune to poison.
You resist negative energy. (rN+)
You are resistant to electric shocks. (rElec)
You can survive without breathing.
You are immune to petrification.
You are immune to rotting.


Message History

Things that are here:
a +0 club; a goblin corpse You are too injured to fight recklessly!
You barely miss the worker ant.
The worker ant is heavily wounded.
The worker ant bites you.
* * * LOW HITPOINT WARNING * * *
The worker ant bites you but does no damage.
You hit the worker ant.
The worker ant is severely wounded.
The worker ant closely misses you. The worker ant bites you.
* * * LOW HITPOINT WARNING * * *
You closely miss the worker ant.
The worker ant is severely wounded.
The worker ant closely misses you. x2
Your skin crawls.
You feel resistant to hostile enchantments.
You feel somewhat more hungry. The worker ant closely misses you. x2
The worker ant bites you.
You die...

### ... #.# #.#
#
#.####)##.###.#
#.....)<).....#
...###)########
#######@#######
#......)a......
#.#####........
########.


You could see a worker ant.

Vanquished Creatures
  Robin (D:2)
  A bat (D:1)
  13 goblins
  5 hobgoblins
  2 frilled lizards (D:1)
  2 kobolds (D:1)
  5 rats (D:1)
29 creatures vanquished.

Notes
Turn   | Place    | Note
-------+----------+-------------------------------------------
     0 | D:1      | Fang the Gargoyle Berserker began the quest for the Orb.
     0 | D:1      | Reached XP level 1. HP: 14/14 MP: 1/1
   263 | D:1      | Reached XP level 2. HP: 19/19 MP: 2/2
   676 | D:2      | Noticed Robin
   680 | D:2      | Reached ** piety under Trog
   682 | D:2      | Killed Robin
   682 | D:2      | Reached XP level 3. HP: 24/24 MP: 3/3
   708 | D:2      | HP: 1/24 [worker ant (3)]
   711 | D:2      | Slain by a worker ant

Levels and vault maps discovered:
D:1:      matt_arrival_spirals, layout_basic, roderic_nine_men_s_morris,
          minmay_misc_feat_roman
D:2:      layout_loops_ring, first_ration, uniq_robin

Skill      XL: |  1  2 |
---------------+-------+-----
Axes           | 3 |  3.1
Dodging        | 2 |  2.0
Fighting       | |  3.7
Armour         | |  2.8

Action                   || total
-------------------------++-------
Melee: Hand axe          ||    78
Invok: Berserk           ||     1
       Trog's Hand       ||     1
Armor: Animal skin       ||    32
Dodge: Dodged            ||    51
